 Dungeon Crawl Stone Soup version 0.28.0-53-g5a82cb258f (webtiles) character file.

Game seed: 1553026934446401235

63 diana the Insei (level 3, -4/29 HPs)
             Began as a Demigod Transmuter on Aug 21, 2022.
             Killed from afar by Natasha (6 damage)
             ... with a magic dart
             ... on level 1 of the Dungeon.
             The game lasted 00:02:05 (1337 turns).

diana the Insei (Demigod Transmuter)                Turns: 1337, Time: 00:02:06

Health: -4/29      AC:  2    Str: 11    XL:     3   Next: 63%
Magic:  8/8        EV: 12    Int: 19    God:
Gold:   82         SH:  0    Dex: 14    Spells: 5/6 levels left

rFire   . . .      SeeInvis .     - Unarmed
rCold   . . .      Faith    .   (no shield)
rNeg    . . .      Spirit   .   a - +0 robe
rPois   .          Reflect  .   (no helmet)
rElec   .          Harm     .   (no cloak)
rCorr   .          Rampage  .   (no gloves)
Will    .....                   (no boots)
Stlth   +.........              (no amulet)
HPRegen 0.09/turn               (no ring)
MPRegen 0.11/turn               (no ring)

@: slowed, very slow
A: high MP 1, forlorn, divine attributes
a: no special abilities


You were on level 1 of the Dungeon.
You visited 1 branch of the dungeon, and saw 2 of its levels.

You collected 82 gold pieces.

Inventory:

Armour
 a - a +0 robe (worn)
Scrolls
 b - 2 scrolls of blinking {unknown}
 d - a scroll of teleportation {unknown}
 e - a scroll of identify {unknown}
Potions
 c - a potion of degeneration {unknown}


   Skills:
 * Level 1.8 Fighting
 + Level 2.2 Dodging
 + Level 3.1 Unarmed Combat
 + Level 2.2 Spellcasting
 + Level 2.1 Transmutations


You had 5 spell levels left.
You knew the following spells:

 Your Spells              Type           Power      Damage    Failure   Level
a - Beastly Appendage     Tmut           20%        N/A       7%          1

Your spell library contained the following spells:

 Spells                   Type           Power      Damage    Failure   Level
 Wereblood                Tmut           10%        N/A       11%         2
 Animate Skeleton         Necr           4%         N/A       17%         1
 Apportation              Tloc           4%         N/A       17%         1
 Summon Small Mammal      Summ           8%         N/A       17%         1
 Spider Form              Tmut/Pois      6%         N/A       32%         3
 Ice Form                 Ice/Tmut       6%         N/A       71%         4


Dungeon Overview and Level Annotations

Branches:
Dungeon (2/15)

Annotations:
D:1 Natasha


Innate Abilities, Weirdness & Mutations

You have an increased reservoir of magic. (+10% MP)
You shall have no god before yourself.
Your divine heritage dramatically boosts your attributes as you level up.


Message History

Natasha is moderately wounded.
The iron imp shouts, "Fly, thou craven hell-hated frater!"
Natasha closely misses you.
You hit Natasha. You punch Natasha, but do no damage.
Natasha is severely wounded.
Natasha claws you!
* * * LOW HITPOINT WARNING * * *
You hit Natasha. Your headbutt misses Natasha.
Natasha is almost dead.
Natasha casts a spell at you.
You feel yourself slow down.
You closely miss Natasha. Your headbutt misses Natasha.
Natasha is almost dead.
Natasha casts a spell at you.
You feel as though you will be slow longer.
You hit Natasha.
You kill Natasha!
Natasha yowls pathetically as she dies!
The iron imp disappears in a puff of smoke!
The shadow imp disappears in a puff of smoke!
The crimson imp disappears in a puff of smoke!
Your horns disappear.
Your talons disappear.
Natasha, Servant of Life and Death comes into view.
Natasha wildly gestures.
Natasha's front paws start to glow.
You see here 7 gold pieces.
Natasha howls an incantation.
Natasha glows brightly for a moment.
Natasha mumbles some strange words.
The crimson imp blinks!
There is a stone staircase leading up here.
Natasha claws you.
* * * LOW HITPOINT WARNING * * *
Natasha closely misses you.
You climb upwards.
There is a stone staircase leading down here.
Natasha barely misses you.
Natasha stares at you and mumbles some strange words.
The magic dart hits you.
You die...

......# ###...# ##.##
####.## #.....#
#.##..##############
#.##.............>.#
#.###.############h####
#.# #.#######†..@.....#
#.# #.........####.##.#
..# ########### #.##.##
### #.##..# #.###.#
############## #.# #.#
#............# #.# #.#
#.##########.# #.# #.#
#.# #.#####.# #.#


You could see Natasha.

Vanquished Creatures
  Natasha (D:2)
  2 dart slugs (D:1)
  3 ball pythons (D:1)
  4 bats (D:1)
  2 endoplasms (D:1)
  4 giant cockroaches (D:1)
  4 goblins (D:1)
  4 hobgoblins (D:1)
  A kobold (D:2)
  A quokka (D:1)
  2 frilled lizards (D:1)
  4 rats (D:1)
32 creatures vanquished.

Notes
Turn   | Place    | Note
-------+----------+-------------------------------------------
     0 | D:1      | diana the Demigod Transmuter began the quest for the Orb.
     0 | D:1      | Reached XP level 1. HP: 15/15 MP: 5/5
   301 | D:1      | Reached skill level 1 in Fighting
   301 | D:1      | Reached XP level 2. HP: 21/23 MP: 5/7
   336 | D:1      | Reached skill level 3 in Unarmed Combat
   828 | D:1      | Reached XP level 3. HP: 24/28 MP: 6/8
  1306 | D:2      | Noticed Natasha
  1322 | D:2      | Killed Natasha
  1325 | D:2      | Noticed Natasha
  1333 | D:2      | HP: 1/29 [Natasha (6)]
  1337 | D:1      | Killed from afar by Natasha

Illustrated notes

Levels and vault maps discovered:
D:1:      shiori_shiawase, layout_loops_ring, basic_ecumenical_altar,
          chequers_garden
D:2:      layout_basic, nrook_loot_triangle, uniq_natasha

Skill      XL: |  1  2 |
---------------+-------+-----
Fighting       | 1 |  1.8
Dodging        | 2 |  2.2
Unarmed Combat | 3 |  3.1
Spellcasting   | 2 |  2.2
Transmutations | 2 |  2.1

Action                   || total
-------------------------++-------
Melee: Unarmed           ||    85
       Kick              ||    17
       Headbutt          ||     7
       Punch             ||     5
 Cast: Beastly Appendage ||    24
 Stab: Sleeping          ||     1
Armor: Robe              ||    14
Dodge: Dodged            ||    39
